 Dungeon Sprint DCSS version 0.19.1 (webtiles) character file.

3959 equalderp2856 the Ripper (level 10, -6/49 HPs)
             Began as a Felid Fighter on Dec 18, 2016.
             Was the Champion of Cheibriados.
             Killed by divine providence
             ... invoked by an orc high priest
              (16 damage)
             ... in the Dungeon (Sprint IX: "|||||||||||||||||||||||||||||").
             The game lasted 00:04:47 (1864 turns).

equalderp2856 the Ripper (Felid Fighter)            Turns: 1864, Time: 00:04:47

Health: -6/49      AC:  4    Str: 31    XL:     10   Next: 2%
Magic:  11/11      EV: 36    Int: 27    God:    Cheibriados [******]
Gold:   918        SH:  0    Dex: 31    Spells: 0 memorised, 9 levels left
                                        Lives:  0   Deaths: 3

rFire  . . .     SeeInvis +       - Unarmed
rCold  . . .     Gourm    .     (armour unavailable)
rNeg   . . .     Faith    .     (shield unavailable)
rPois  .         Spirit   .     (helmet unavailable)
rElec  .         Reflect  .     (cloak unavailable)
rCorr  .         Harm     .     (gloves unavailable)
MR     +....     NoTele   +     (boots unavailable)
Stlth  +++++++...               (no amulet)
                                n - +2 ring of protection
                                m - +3 ring of strength

@: very slow
A: no armour, no weapons or thrown items, stealth, claws 1, fangs 3, see
invisible, carnivore 3, speed 1, shaggy fur 2, slow metabolism 1, sharp paws
a: Bend Time, Temporal Distortion, Slouch, Step From Time, Renounce Religion


You were in the Dungeon.
You worshipped Cheibriados.
Cheibriados was exalted by your worship.
You were not hungry.

You visited 1 branch You collected 918 gold pieces.

Inventory:

Jewellery
 m - a +3 ring of strength (left paw)
 n - a +2 ring of protection (right paw)
Wands
 l - a wand of lightning (7/15)
Scrolls
 d - a scroll of magic mapping
 h - 3 scrolls of blinking
 j - 3 scrolls of remove curse
 k - 2 scrolls of amnesia
 p - 2 scrolls of fog
 q - 3 scrolls of recharging
 s - a scroll of identify
Potions
 a - 2 potions of might
 c - a potion of invisibility
 e - a potion of haste
 f - 4 potions of magic
 g - a potion of berserk rage
 i - 7 potions of curing
 o - a potion of cancellation
 r - a potion of resistance
 t - a potion of cure mutation
 u - a potion of agility
 v - a potion of degeneration {unknown}
Comestibles
 b - 13 meat rations


   Skills:
 + Level 9.3 Fighting
 + Level 14.3 Dodging
 + Level 13.5 Stealth
 + Level 20.9 Unarmed Combat


You had 9 spell levels left.
You didn't know any spells.

Dungeon Overview and Level Annotations

Branches:
Dungeon (1/1)

Altars:
Cheibriados
Dithmenos
Elyvilon
Fedhas
Gozag
Hepliaklqana
Kikubaaqudgha
Makhleb
Nemelex Xobeh
Okawaru
Qazlal
Ru
Sif Muna
Trog
Uskayaw
Vehumet
Xom
Yredelemnul
Zin
The Shining One
Beogh
Jiyva
Lugonu


Innate Abilities, Weirdness & Mutations

You cannot wear armour.
You are incapable of wielding weapons or throwing items.
Your paws allow you to move quietly. (Stealth)
You have sharp claws.
You have razor-sharp teeth.
You have supernaturally acute eyesight. (SInv)
You are carnivorous and can eat meat at any time.
You cover ground quickly.
You are covered in thick fur. (AC +2)
You have a slow metabolism.
Your sharp claws are effective at attacking unaware monsters.


Message History

You see here 50 gold pieces.
The orc high priest shouts!
The orc high priest utters an invocation to Beogh.
There are monsters nearby!
The orc high priest utters an invocation to Beogh.
The red devil completely misses you.
The soul eater draws from the surrounding life force!
You scratch the ynoxinul. You bite the ynoxinul!
The ynoxinul is heavily wounded.
The red devil completely misses you.
You barely miss the ynoxinul. You claw the ynoxinul!
You kill the ynoxinul!
The soul eater draws from the surrounding life force!
* * * LOW HITPOINT WARNING * * *
Unknown command.
Unknown command.
The red devil completely misses you.
The orc high priest calls down the wrath of Beogh upon you.
Beogh smites you!
You die...

▓[▓
▓.▓.▓.▓.▓_▓
▓[▓
▓.▓.▓.▓.▓_▓
▓[▓
▓)▓.▓.▓.▓_▓
▓[▓
▓)▓.▓.▓.▓_▓
▓[▓
▓)▓.▓.▓.▓_▓
▓[▓
▓)▓.▓.▓.▓_▓
▓[▓
▓.▓.▓'▓.▓_▓
▓.▓
▓$▓.▓.▓.▓_▓
▓.▓
▓@▓.▓.▓.▓_▓
▓.▓
▓.▓.▓.▓.▓_▓
▓.▓
▓4▓.▓.▓.▓_▓
▓.▓
▓.▓.▓.▓.▓_▓
▓.▓
▓o▓)▓.▓.▓_▓
▓.▓
▓3▓.▓.▓.▓_▓
▓.▓
▓$▓.▓.▓.▓_▓
▓.▓
▓+▓.▓.▓.▓.▓
▓?▓
▓.▓'▓.▓'▓


You could see a soul eater, an orc high priest and a red devil.

Vanquished Creatures
  Urug (D)
  An orc high priest (D)
  A hill giant (D)
  5 orc knights (D)
  An orc sorcerer (D)
  A cyclops (D)
  An elephant (D)
  Joseph (D)
  2 spiny frogs (D)
  A yaktaur (D)
  A komodo dragon (D)
  A hippogriff (D)
  2 yaks (D)
  A wyvern (D)
  2 basilisks (D)
  4 water moccasins (D)
  3 wargs (D)
  2 hell hounds (D)
  2 porcupines (D)
  6 orc warriors (D)
  An eye of draining (D)
  3 wolves (D)
  2 crocodiles (D)
  5 bullfrogs (D)
  A killer bee (D)
  A howler monkey (D)
  A quasit (D)
  3 orc priests (D)
  3 orc wizards (D)
  An iguana (D)
  A worker ant (D)
  An adder zombie (D)
  7 orcs (D)
  A bat skeleton (D)
  A giant cockroach (D)
  A hobgoblin (D)
  A kobold (D)
  A ball python zombie (D)
  A frilled lizard (D)
  2 rats (D)
77 creatures vanquished.

Vanquished Creatures (others)
  An orc warrior (D)
1 creature vanquished.

Grand Total: 78 creatures vanquished

Notes
Turn   | Place    | Note
-------+----------+-------------------------------------------
     0 | D        | equalderp2856 the Felid Fighter began the quest for the Orb.
     0 | D        | Reached XP level 1. HP: 10/10 MP: 2/2
    23 | D        | Noticed an iguana
    35 | D        | Reached skill level 5 in Unarmed Combat
    35 | D        | Reached XP level 2. HP: 6/14 MP: 3/3
    48 | D        | Reached skill level 5 in Dodging
    48 | D        | Reached skill level 6 in Unarmed Combat
    48 | D        | Reached XP level 3. HP: 18/18 MP: 4/4
    63 | D        | Found a roughly hewn altar of Beogh.
    63 | D        | Found a snail-covered altar of Cheibriados.
    63 | D        | Found a shadowy altar of Dithmenos.
    63 | D        | Found a white marble altar of Elyvilon.
    63 | D        | Found a blossoming altar of Fedhas.
    63 | D        | Found an opulent altar of Gozag.
    64 | D        | Found a hazy altar of Hepliaklqana.
    65 | D        | Found a viscous altar of Jiyva.
    66 | D        | Found an ancient bone altar of Kikubaaqudgha.
    67 | D        | Found a corrupted altar of Lugonu.
    68 | D        | Found a burning altar of Makhleb.
    69 | D        | Found a sparkling altar of Nemelex Xobeh.
    70 | D        | Found an iron altar of Okawaru.
    71 | D        | Found a stormy altar of Qazlal.
    72 | D        | Found a sacrificial altar of Ru.
    73 | D        | Found a deep blue altar of Sif Muna.
    74 | D        | Found a bloodstained altar of Trog.
    83 | D        | Became a worshipper of Cheibriados the Contemplative
    92 | D        | Found a hide-covered altar of Uskayaw.
    93 | D        | Found a radiant altar of Vehumet.
    94 | D        | Found a shimmering altar of Xom.
    95 | D        | Found a basalt altar of Yredelemnul.
    96 | D        | Found a glowing silver altar of Zin.
    97 | D        | Found a glowing golden altar of the Shining One.
   124 | D        | Noticed an orc warrior
   124 | D        | Noticed a killer bee
   124 | D        | Noticed an eye of draining
   124 | D        | Noticed a yak
   146 | D        | Killed an orc warrior
   146 | D        | Reached skill level 5 in Fighting
   146 | D        | Reached skill level 1 in Stealth
   146 | D        | Reached skill level 8 in Unarmed Combat
   146 | D        | Reached XP level 4. HP: 12/23 MP: 1/5
   147 | D        | Reached skill level 9 in Unarmed Combat
   147 | D        | Reached XP level 5. HP: 14/27 MP: 1/6
   152 | D        | Killed an eye of draining
   152 | D        | Reached skill level 10 in Unarmed Combat
   154 | D        | Reached * piety under Cheibriados
   154 | D        | Gained mutation: You are covered in thick fur. (AC +2) [Felid growth]
   154 | D        | Reached XP level 6. HP: 17/31 MP: 0/7
   163 | D        | Killed a yak
   163 | D        | Reached skill level 11 in Unarmed Combat
   271 | D        | Noticed a hill giant
   271 | D        | Noticed a wyvern
   275 | D        | Reached ** piety under Cheibriados
   275 | D        | Reached skill level 12 in Unarmed Combat
   285 | D        | Mangled by a hill giant
   286 | D        | Reached XP level 5. HP: -9/28 MP: 6/6
   301 | D        | Noticed a warg
   301 | D        | Noticed a warg
   301 | D        | Noticed a wolf
   302 | D        | Noticed a hell hound
   302 | D        | Noticed a wolf
   305 | D        | Killed a warg
   305 | D        | Reached *** piety under Cheibriados
   305 | D        | Reached XP level 6. HP: 33/33 MP: 7/7
   306 | D        | Noticed a hell hound
   308 | D        | Noticed a warg
   309 | D        | Killed a warg
   309 | D        | Reached skill level 10 in Dodging
   309 | D        | Reached skill level 13 in Unarmed Combat
   309 | D        | Reached XP level 7. HP: 25/36 MP: 8/8
   313 | D        | Reached **** piety under Cheibriados
   330 | D        | Reached ***** piety under Cheibriados
   330 | D        | Reached skill level 14 in Unarmed Combat
   332 | D        | Reached XP level 8. HP: 19/40 MP: 9/9
   490 | D        | Noticed a spiny frog
   490 | D        | Noticed an elephant
   494 | D        | Reached skill level 5 in Stealth
   494 | D        | Reached skill level 15 in Unarmed Combat
   495 | D        | Noticed a komodo dragon
   508 | D        | Killed an elephant
   515 | D        | Killed a spiny frog
   515 | D        | Reached ****** piety under Cheibriados
   515 | D        | Reached skill level 16 in Unarmed Combat
   517 | D        | Reached XP level 9. HP: 23/44 MP: 10/10
   528 | D        | Killed a komodo dragon
   727 | D        | Noticed a spiny frog
   728 | D        | Reached skill level 17 in Unarmed Combat
   741 | D        | Killed a spiny frog
   980 | D        | Killed a hill giant
   980 | D        | Reached skill level 18 in Unarmed Combat
   980 | D        | Reached XP level 10. HP: 49/49 MP: 11/11
  1280 | D        | Noticed Urug
  1287 | D        | Killed Urug
  1299 | D        | Noticed Joseph
  1306 | D        | Killed Joseph
  1306 | D        | Reached skill level 10 in Stealth
  1306 | D        | Reached skill level 19 in Unarmed Combat
  1342 | D        | Noticed an orc knight
  1354 | D        | Killed an orc knight
  1357 | D        | Noticed an orc knight
  1370 | D        | Killed an orc knight
  1563 | D        | Noticed an orc knight
  1563 | D        | Noticed an orc knight
  1563 | D        | Noticed an orc high priest
  1565 | D        | Killed an orc knight
  1569 | D        | Noticed an orc sorcerer
  1570 | D        | Noticed a soul eater
  1573 | D        | Killed an orc knight
  1573 | D        | Reached skill level 20 in Unarmed Combat
  1581 | D        | Killed from afar by a soul eater
  1582 | D        | Reached XP level 9. HP: -7/45 MP: 10/10
  1607 | D        | Noticed a yaktaur
  1607 | D        | Noticed a cyclops
  1607 | D        | Noticed a wizard
  1607 | D        | Noticed a tengu warrior
  1608 | D        | Noticed a deep elf mage
  1609 | D        | Killed a yaktaur
  1609 | D        | Reached XP level 10. HP: 49/49 MP: 11/11
  1610 | D        | Noticed a brown ugly thing
  1611 | D        | Killed a cyclops
  1612 | D        | Noticed an ettin
  1614 | D        | Noticed a salamander
  1617 | D        | Noticed an ogre mage
  1619 | D        | Paralysed by a wizard for 5 turns
  1622 | D        | Slain by a tengu warrior
  1623 | D        | Reached XP level 9. HP: -5/45 MP: 10/10
  1680 | D        | Killed an orc high priest
  1681 | D        | Paralysed by an orc sorcerer for 7 turns
  1688 | D        | Noticed an orange demon
  1688 | D        | Killed an orc sorcerer
  1823 | D        | Noticed an orc knight
  1832 | D        | Killed an orc knight
  1852 | D        | Reached XP level 10. HP: 32/49 MP: 11/11
  1857 | D        | Noticed an orc high priest
  1860 | D        | Noticed a soul eater
  1864 | D        | Killed from afar by an orc high priest

Skill      XL: |  1  2  3  4  5  6  7  8  9 10 |
---------------+-------------------------------+-----
Unarmed Combat | 5 6 8 9 10 13 14 16 18 20 | 20.9
Fighting       | 4 5 6 7 8 9 |  9.3
Dodging        | 5 6 7 8 10 11 13 14 | 14.3
Stealth        | 1 3 4 6 13 12 | 13.5

Action                   |  1- 3 |  4- 6 |  7- 9 | 10-12 || total
-------------------------+-------+-------+-------+-------++-------
Melee: Unarmed           |    59 |    36 |   105 |    47 ||   247
       Bite              |     5 |     5 |    23 |     4 ||    37
       Punch             |     3 |     5 |    14 |     6 ||    28
  Use: Potion            |     4 |       |     2 |     2 ||     8
 Stab: Sleeping          |     1 |       |     4 |     6 ||    11
Armor: Skin              |     2 |     1 |     2 |     1 ||     6
Dodge: Dodged            |    36 |    26 |    67 |    26 ||   155
